 Dungeon Crawl Stone Soup version 0.28.0 (webtiles) character file.

Game seed: 1743179753982861548

35 Dirian the Skirmisher (level 3, -5/30 HPs)
             Began as a Barachi Fighter on Feb 13, 2022.
             Slain by a gnoll (11 damage)
             ... on level 2 of the Dungeon.
             The game lasted 00:01:36 (1116 turns).

Dirian the Skirmisher (Barachi Fighter)             Turns: 1116, Time: 00:01:37

Health: -5/30      AC:  8    Str: 17    XL:     3   Next: 35%
Magic:  3/3        EV:  9    Int:  8    God:
Gold:   17         SH:  5    Dex: 13    Spells: 2/2 levels left

rFire   . . .      SeeInvis +   a - +0 long sword
rCold   . . .      Faith    .   c - +0 buckler
rNeg    . . .      Spirit   .   b - +0 scale mail
rPois   .          Reflect  .   (no helmet)
rElec   .          Harm     .   j - +0 cloak
rCorr   .          Rampage  .   (no gloves)
Will    .....                   (no boots)
Stlth   ..........              (no amulet)
HPRegen 0.10/turn               h - ring of see invisible
MPRegen 0.08/turn               (no ring)

@: slow
A: amphibious, slowness 1, strong legs 1, +LOS
a: Hop


You were on level 2 of the Dungeon.
You visited 1 branch of the dungeon, and saw 2 of its levels.

You collected 17 gold pieces.

Inventory:

Hand Weapons
 a - a +0 long sword (weapon)
Missiles
 g - 21 stones
Armour
 b - a +0 scale mail (worn)
 c - a +0 buckler (worn)
 j - a +0 cloak (worn)
Jewellery
 h - a ring of see invisible (left hand)
Scrolls
 e - a scroll of amnesia {unknown}
 k - a scroll of identify {unknown}
 l - a scroll of summoning {unknown}
Potions
 d - a potion of might
 f - a potion of degeneration {unknown}
 i - a potion of invisibility {unknown}


   Skills:
 + Level 4.0 Fighting
 * Level 3.2 Long Blades
 + Level 3.9 Armour
 - Level 1.0 Dodging
 + Level 3.6 Shields


You had 2 spell levels left.
You didn't know any spells.
Your spell library was empty.

Dungeon Overview and Level Annotations

Branches:
Dungeon (2/15)

Altars:

Shops:
D:2 *


Innate Abilities, Weirdness & Mutations

You are amphibious.
You cover ground slowly.
You can hop short distances.
You have an extended range of vision and can be seen from far away.


Message History

You slash the gnoll!
The gnoll is severely wounded.
The gnoll hits you but does no damage.
You closely miss the gnoll.
The gnoll is severely wounded.
The gnoll misses you.
You closely miss the gnoll.
The gnoll is severely wounded.
The gnoll hits you but does no damage.
You closely miss the gnoll.
The gnoll is severely wounded.
The gnoll hits you with a +0 spear. The gnoll hits you but does no damage.
You hit the gnoll.
You kill the gnoll!
The adder barely misses you.
Your Fighting skill increases to level 4!
You miss the adder. The adder bites you but does no damage.
You slash the adder!
The adder is severely wounded.
The adder bites you but does no damage. x2
You closely miss the adder.
The adder is severely wounded.
The adder bites you but does no damage. x2
The gnoll hits you from afar with a +0 halberd.
You miss the adder.
The adder is severely wounded.
You block the adder's attack.
The gnoll hits you from afar with a +0 halberd.
You miss the adder.
The adder is severely wounded.
The adder barely misses you. The gnoll barely misses you.
You block the adder's attack.
You closely miss the adder.
The adder is severely wounded.
The adder bites you but does no damage.
The gnoll hits you from afar with a +0 halberd!
* * * LOW HITPOINT WARNING * * *
You block the adder's attack.
The gnoll hits you from afar with a +0 halberd!
You die...

###############
#.............#
######........####.#
#....'........@Sgg.#
#.####).......##g......
#...........### ......
#..########## .....
#..# .... #..# ...
###..#####.# ##
#..........#
.............


You could see 2 gnolls, an adder and a goblin.

Vanquished Creatures
  A gnoll (D:2)
  2 ball pythons
  8 endoplasms
  A giant cockroach (D:1)
  3 goblins (D:1)
  A hobgoblin (D:1)
  2 kobolds
  A quokka (D:1)
  2 bats (D:1)
21 creatures vanquished.

Notes
Turn   | Place    | Note
-------+----------+-------------------------------------------
     0 | D:1      | Dirian the Barachi Fighter began the quest for the Orb.
     0 | D:1      | Reached XP level 1. HP: 18/18 MP: 1/1
   141 | D:1      | Reached XP level 2. HP: 3/25 MP: 2/2
   840 | D:1      | Found a faded altar of an unknown god.
   979 | D:2      | Reached skill level 1 in Dodging
   979 | D:2      | Reached XP level 3. HP: 28/30 MP: 3/3
  1063 | D:2      | Found Ridypnih's General Store.
  1111 | D:2      | Reached skill level 4 in Fighting
  1116 | D:2      | Slain by a gnoll

Illustrated notes

Levels and vault maps discovered:
D:1:      mrwooster_arrival_statue, layout_basic, ebering_ecumenical_altar_rust
D:2:      layout_basic, serial_shops, nicolae_shop_window_shopping

Skill      XL: |  1  2  3 |
---------------+----------+-----
Long Blades    | 3 |  3.2
Dodging        | 1 |  1.0
Fighting       | 4 |  4.0
Armour         | |  3.9
Shields        | |  3.6

Action                   || total
-------------------------++-------
Melee: Long sword        ||    55
Armor: Scale mail        ||    38
Dodge: Dodged            ||    27
Block: Buckler           ||    18
